AoeStats
← ky21431

Arena

510114750Analyzed
4v4 RM · 1d ago on Sep 29, 2026· 31m 28s· 8 players
Game mode
Random Map
Map size
Large (8 player)
Population
200
Speed
Normal
Resources
Standard
Victory
Conquest
Starting age
Dark Age
Ending age
Imperial Age
RankedLock teamsTeams togetherTeam positionsShared explorationLock speedFull tech treeHidden civsTurbo modeCheats
Victory
Defeat
🇹🇼 Khmer · Taiwan
1085
+15
🇨🇳 Bohemians · China
1064
+16
🇹🇼 Turks · Taiwan
1042
+17
🇨🇳 Franks · China
1037
+17
🇫🇷 Bengalis · France
1115
-18
🇲🇽 Hindustanis · Mexico
1091
-17
🇭🇰 Persians · Hong Kong SAR China
1033
-15
🇳🇱 Bohemians · Netherlands
1029
-15
雨""沉
10:17 Loom
12:03 Feudal Age
15:27 Castle Age
13:14 Double-Bit Axe
13:11 Horse Collar
24:09 Gold Mining
26:23 Scale Barding Armor
28:41 Bloodlines
29:17 Chain Barding Armor
29:07 Forging
29:54 Tusk Swords
31:34 Gold Shaft Mining
ky21431
12:38 Feudal Age
14:35 Gold Mining
14:43 Double-Bit Axe
17:23 Castle Age
22:38 Imperial Age
Q力山大一世
10:34 Feudal Age
14:29 Castle Age
12:40 Double-Bit Axe
13:12 Horse Collar
23:18 Loom
24:36 Fletching
29:25 Ballistics
高希英娜
11:08 Feudal Age
14:46 Castle Age
12:34 Double-Bit Axe
15:44 Bow Saw
16:53 Wheelbarrow
20:52 Gold Mining
22:17 Gold Shaft Mining
22:07 Stone Mining
28:26 Imperial Age
25:43 Loom
26:49 Hand Cart
27:36 Forging
27:47 Scale Mail Armor
29:00 Iron Casting
28:28 Squires
28:14 Arson
29:05 Elite Throwing Axeman
30:56 Chain Mail Armor
30:44 Husbandry
31:47 Conscription
32:16 Hoardings
32:24 Plate Mail Armor
Dracarys2306
11:35 Feudal Age
15:31 Castle Age
14:07 Double-Bit Axe
14:47 Horse Collar
15:49 Scale Mail Armor
18:53 Chain Mail Armor
21:02 Squires
28:51 Scale Barding Armor
30:26 Chain Barding Armor
alexggg56
8:13 Loom
11:08 Feudal Age
13:05 Double-Bit Axe
15:35 Castle Age
14:04 Horse Collar
16:59 Bow Saw
19:58 Heavy Plow
23:06 Wheelbarrow
22:18 Town Watch
25:45 Gold Mining
26:23 Hand Cart
29:03 Imperial Age
27:51 Gold Shaft Mining
27:07 Stone Mining
27:27 Fletching
27:38 Padded Archer Armor
27:51 Bloodlines
27:42 Husbandry
28:54 Paiks
29:05 Scale Barding Armor
29:11 Forging
28:41 Light Cavalry
30:09 Chain Barding Armor
31:30 Iron Casting
brain888hk
11:15 Feudal Age
15:20 Castle Age
13:50 Double-Bit Axe
13:47 Horse Collar
16:06 Wheelbarrow
16:28 Bow Saw
16:21 Heavy Plow
21:24 Hand Cart
25:02 Loom
26:00 Scale Barding Armor
26:05 Forging
27:47 Husbandry
27:57 Bloodlines
28:12 Chain Barding Armor
28:28 Iron Casting
30:29 Imperial Age
28:04 Caravan
28:40 Fletching
29:17 Ballistics
29:49 Gold Mining
29:49 Stone Mining
30:33 Padded Archer Armor
30:34 Scale Mail Armor
30:28 Heavy Camel Rider
30:32 Cavalier
Max
12:10 Feudal Age
11:47 Loom
13:17 Horse Collar
16:22 Castle Age
16:53 Fletching
25:00 Heavy Plow
24:52 Double-Bit Axe
32:07 Imperial Age
30:07 Bow Saw
Connection lost

Rejoining the realm…

Still unreachable

The connection could not be restored.

Session expired

The server has moved on; the page needs a fresh start.